[Event "13th All African Mixed Team Rapid-ch 202"]
[Site "Accra"]
[Date "2024.03.09"]
[Round "2.13"]
[White "Pereira, Sergio Murilo de Ara"]
[Black "Paiva, Donaldo"]
[Result "0-1"]
[ECO "B23"]
[WhiteElo "2115"]
[BlackElo "2172"]
[Annotator "RC"]
[PlyCount "80"]
[EventDate "2024.03.07"]
[EventType "rapid"]
[EventCountry "GHA"]
[SourceTitle "playchess.com"]
[Source "ChessBase"]
[SourceQuality "1"]
[TimeControl "900+10"]

1. e4 c5 2. Nc3 d6 3. d4 cxd4 4. Qxd4 Nc6 5. Qd2 g6 6. b3 Bh6 7. f4 f5 8. Bb2 Nf6 9. O-O-O Rf8 10. Kb1 fxe4 11. Nge2 Bf5 12. h3 Nb4 13. Nd4 Bd7 14. g4 Nfd5 15. g5 e3 16. Qe1 Bg7 17. Bb5 Nxf4 18. Rf1 Nc6 19. Bxc6 bxc6 20. Qxe3 e5 21. Ne4 Qe7 22. Nxc6 Bxc6 23. Nxd6+ Kd7 24. Nf5+ Nd5 25. Nxe7 Rxf1 26. Qd2 Rxd1+ 27. Qxd1 Kxe7 28. c4 Nf4 29. Ba3+ Kf7 30. Qd6 Be4+ 31. Kc1 Kg8 32. c5 Rc8 33. b4 Bf5 34. c6 Bf8 35. Qf6 Be6 36. Bb2 Rxc6+ 37. Kd2 Bxb4+ 38. Kd1 Rd6+ 39. Kc2 Bf5+ 40. Kb3 Rxf6 0-1

[Event "13th All African Mixed Team Rapid-ch 202"]
[Site "Accra"]
[Date "2024.03.09"]
[Round "2.15"]
[White "Pedro Manuel Envo Engonga Avom"]
[Black "Rongwane, Gomolemo"]
[Result "0-1"]
[ECO "C56"]
[WhiteElo "1702"]
[BlackElo "2021"]
[Annotator "RC"]
[PlyCount "70"]
[EventDate "2024.03.07"]
[EventType "rapid"]
[EventCountry "GHA"]
[SourceTitle "playchess.com"]
[Source "ChessBase"]
[SourceQuality "1"]
[TimeControl "900+10"]

1. e4 e5 2. Nf3 Nc6 3. d4 exd4 4. Bc4 Nf6 5. O-O Nxe4 6. Re1 d5 7. Bxd5 Qxd5 8. Nc3 Qa5 9. Nxe4 Be6 10. Neg5 O-O-O 11. Nxe6 fxe6 12. Ng5 Re8 13. Rxe6 Bd6 14. Qg4 Kb8 15. Bf4 h5 16. Qxh5 Ref8 17. Rae1 Qxe1+ 18. Rxe1 Rxh5 19. Bxd6 cxd6 20. Nf3 Rc5 21. Re2 d3 22. cxd3 Nd4 23. Re3 Nxf3+ 24. gxf3 Rg5+ 25. Kf1 Rh8 26. Re6 Kc7 27. h4 Rxh4 28. Re7+ Kc6 29. Rf7 Rh1+ 30. Ke2 Rb1 31. Ke3 Rxb2 32. f4 Rg1 33. f5 Rxa2 34. Kf3 Rf1 35. Rxg7 Raxf2+ 0-1

[Event "13th All African Mixed Team Rapid-ch 202"]
[Site "Accra"]
[Date "2024.03.09"]
[Round "2.17"]
[White "Oluka Robert Mcligeyo"]
[Black "Fomevor, Cephas Clinton"]
[Result "1-0"]
[ECO "D13"]
[WhiteElo "2041"]
[BlackElo "1887"]
[Annotator "RC"]
[PlyCount "72"]
[EventDate "2024.03.07"]
[EventType "rapid"]
[EventCountry "GHA"]
[SourceTitle "playchess.com"]
[Source "ChessBase"]
[SourceQuality "1"]
[TimeControl "900+10"]

1. c4 c6 2. d4 d5 3. cxd5 cxd5 4. Nf3 Nc6 5. Nc3 Nf6 6. Bf4 a6 7. Rc1 Bf5 8. e3 e6 9. Qb3 Ra7 10. Be2 Bd6 11. Ne5 Bxe5 12. Bxe5 Nxe5 13. dxe5 Nd7 14. f4 O-O 15. O-O Nc5 16. Qd1 Qb6 17. Qd4 Nd7 18. Na4 Qxd4 19. exd4 b5 20. Nc5 Nb6 21. g4 Be4 22. Nxe4 dxe4 23. Rc6 Nd5 24. f5 exf5 25. gxf5 Nb4 26. Rd6 Nxa2 27. Ra1 Nb4 28. Bxb5 Rb7 29. Bc4 Nc2 30. Raxa6 Rxb2 31. Rab6 Rxb6 32. Rxb6 Nxd4 33. e6 fxe6 34. fxe6 Kh8 35. e7 Re8 36. Bf7 e3 1-0

[Event "13th All African Mixed Team Rapid-ch 202"]
[Site "Accra"]
[Date "2024.03.09"]
[Round "2.18"]
[White "Gertrude Banini"]
[Black "Mongeli, Sasha"]
[Result "0-1"]
[ECO "E12"]
[WhiteElo "1681"]
[BlackElo "1858"]
[Annotator "NA RC"]
[PlyCount "90"]
[EventDate "2024.03.07"]
[EventType "rapid"]
[EventCountry "GHA"]
[SourceTitle "playchess.com"]
[Source "ChessBase"]
[SourceQuality "1"]
[TimeControl "900+10"]

1. d4 Nf6 2. c4 e6 3. Nf3 b6 4. Bg5 h6 5. Bh4 Bb7 6. e3 Be7 7. Nc3 Ne4 8. Bxe7 Qxe7 9. Qc2 Nxc3 10. Qxc3 O-O 11. Be2 d6 12. O-O Nd7 {[%emt 0:00:14] E12: Queen's Indian: Unusual White 4th moves, 4 a3, 4 Nc3 Bb7 5 a3 and 4 Nc3 Bb7 .} 13. a3 Rad8 14. Rfd1 Qf6 15. b4 c5 16. Rac1 Rfe8 17. dxc5 Qxc3 18. Rxc3 dxc5 19. Rd6 Bxf3 20. Bxf3 Ne5 21. Rxd8 Nxf3+ 22. gxf3 Rxd8 23. Kg2 Kf8 24. f4 Ke7 25. Kf3 Rd1 26. h3 Rh1 27. Kg2 Rb1 28. b5 Rd1 29. Kf3 Kf6 30. h4 e5 31. Ke2 Rd7 32. fxe5+ Kxe5 33. Rd3 Rxd3 34. Kxd3 h5 35. f3 f6 36. Ke2 g6 37. Kf2 Kf5 38. Kg3 g5 39. hxg5 fxg5 40. e4+ Ke5 41. Kh3 Kf4 42. Kg2 g4 43. fxg4 hxg4 44. a4 Kxe4 45. Kg3 Kd4 0-1

[Event "13th All African Mixed Team Rapid-ch 202"]
[Site "Accra"]
[Date "2024.03.09"]
[Round "3.1"]
[White "Mhango, Banele"]
[Black "Silva, David"]
[Result "1-0"]
[ECO "D00"]
[WhiteElo "2193"]
[BlackElo "2358"]
[Annotator "TA"]
[PlyCount "47"]
[EventDate "2024.03.07"]
[EventType "rapid"]
[EventCountry "GHA"]
[SourceTitle "playchess.com"]
[Source "ChessBase"]
[SourceQuality "1"]
[TimeControl "900+10"]

1. d4 Nf6 2. Nc3 d5 3. Bf4 a6 4. e3 e6 5. Bd3 c5 6. dxc5 Bxc5 7. Nf3 Bd6 8. O-O {[%emt 0:00:32] The position is equal.} Nc6 9. Bxd6 Qxd6 10. e4 d4 11. Na4 Nd7 {[%emt 0:00:18] [#] Dodges Nb6. And now ...b5 would win.} 12. c4 Rb8 13. Qe2 O-O 14. a3 b6 15. b4 a5 16. c5 bxc5 17. bxc5 Nxc5 {[%emt 0:02:17][%mdl 8192] Black cannot hold the game after this.} (17... Qc7 $11 {and Black has nothing to worry.}) 18. Nxc5 $18 Qxc5 {[%emt 0:00:02] [#]} 19. Rfc1 $1 Qb6 20. Rab1 Bd7 $2 (20... Qd8 21. Rxc6 Rxb1+ 22. Bxb1 Bd7) 21. Rxb6 {[%emt 0:00:07] White is clearly winning.} Rxb6 22. e5 g6 23. Qd2 Kg7 {[%emt 0:00:07] Prevents Qh6+} 24. Qf4 {[%emt 0:00:10] Weighted Error Value: White=0.01 (flawless) /Black=0.57.  Loses game:     	---       	Black=1      Mistake:       	---       	Black=1      OK:         	White=6     	Black=5      Best:        	White=2     	---        Strong:       	White=1     	---} 1-0

[Event "13th All African Mixed Team Rapid-ch 202"]
[Site "Accra"]
[Date "2024.03.09"]
[Round "3.2"]
[White "Junior, Ednasia"]
[Black "February, Jesse Nikki"]
[Result "1-0"]
[ECO "A29"]
[WhiteElo "1915"]
[BlackElo "1920"]
[Annotator "ChessBase"]
[PlyCount "127"]
[EventDate "2024.03.07"]
[EventType "rapid"]
[EventCountry "GHA"]
[SourceTitle "playchess.com"]
[Source "ChessBase"]
[SourceQuality "1"]
[TimeControl "900+10"]

1. c4 e5 2. Nc3 Nf6 3. g3 Bc5 4. Bg2 d6 5. d3 Nc6 6. Nf3 Bg4 7. h3 Bxf3 8. Bxf3 Qd7 9. Bg5 Nd4 10. e3 Nxf3+ 11. Qxf3 O-O-O 12. O-O-O Rde8 13. Bxf6 gxf6 14. Qxf6 Kb8 15. Kb1 Rhg8 16. Qf3 f5 17. Nd5 Rgf8 18. h4 c6 19. Nc3 Qg7 20. a3 Bb6 21. Rd2 Ba5 22. Rc2 Qg6 23. Rd1 h5 24. Ne2 Qg4 25. Ng1 f4 26. gxf4 exf4 27. e4 Qxh4 28. Ne2 Qg4 29. Qxg4 hxg4 30. Rg1 f3 31. Ng3 Re6 32. Nf5 Rg8 33. Rg3 Bc7 34. Rg1 Kc8 35. Rd2 Kd7 36. Kc2 Reg6 37. d4 Ke6 38. d5+ cxd5 39. cxd5+ Kd7 40. Kd3 Bb6 41. Rc2 Rg5 42. Rg3 Rh8 43. Ne3 Bxe3 44. Kxe3 Rhg8 45. Rc1 R5g7 46. Rcg1 Rc8 47. Rxg4 Rxg4 48. Rxg4 Rc2 49. Rg7+ Kc8 50. Kxf3 Rxb2 51. Kg3 Rb3+ 52. Kg4 Rxa3 53. f4 Ra1 54. Kf5 Re1 55. e5 dxe5 56. fxe5 a5 57. Ke6 Rh1 58. Kd6 Rh6+ 59. e6 b5 60. Kc6 Kd8 61. Kxb5 Rh5 62. Kc6 Rh1 63. Ra7 Ra1 64. Kd6 1-0

[Event "13th All African Mixed Team Rapid-ch 202"]
[Site "Accra"]
[Date "2024.03.09"]
[Round "3.3"]
[White "Zhemba, Jemusse"]
[Black "Amin, Bassem"]
[Result "0-1"]
[ECO "C28"]
[WhiteElo "2226"]
[BlackElo "2670"]
[Annotator "TA"]
[PlyCount "106"]
[EventDate "2024.03.07"]
[EventType "rapid"]
[EventCountry "GHA"]
[SourceTitle "playchess.com"]
[Source "ChessBase"]
[SourceQuality "1"]
[TimeControl "900+10"]

1. e4 e5 2. Bc4 Nc6 3. Nc3 Nf6 4. d3 Bb4 5. Nge2 d5 6. exd5 Nxd5 7. O-O Be6 8. Bxd5 Bxd5 9. f4 {[%emt 0:00:02] C28: Vienna Game: 2...Nf6 3 Bc4 Nc6.} f6 10. f5 Bf7 11. Ne4 Nd4 $146 ({Predecessor:} 11... Qd7 12. Be3 O-O-O 13. a3 Be7 14. N2g3 Rhg8 15. b4 Nd4 16. Rf2 Qa4 17. Qb1 Kb8 {0-1 Blokhin,S (1956)-Sliwicka,A (2296) EU-chT (Women) 24th 2023 (5.4)}) 12. N2g3 Be7 13. c3 Nc6 14. Qg4 Rg8 15. Nh5 $1 Qxd3 (15... Kd7 $1 $11) 16. Rd1 $1 $14 Bxh5 $1 17. Qxh5+ g6 18. Qg4 h5 $1 19. Qxg6+ Rxg6 20. Rxd3 Rg4 21. Ng3 (21. Nf2 $11 Bc5 22. Be3 Bxe3 23. Rxe3) 21... h4 $15 22. Ne2 (22. Nf1 $17) 22... Bc5+ $1 $19 23. Kf1 Ne7 24. h3 Rg8 (24... Re4 $19 25. Bd2 Nxf5) 25. b4 $17 Bb6 26. c4 c6 (26... Nxf5 $2 27. c5 $16) 27. c5 Rd8 28. Ra3 Bc7 (28... Rd1+ {looks sharper.} 29. Kf2 Bd8 30. Rxa7 Nxf5 31. Bb2 Rd3) 29. Rxa7 Rb8 (29... Nxf5 30. Rxb7 Rg7 (30... Rd1+ 31. Kf2 $11) 31. Nc3 $17) (29... Rd1+ $15 {feels stronger.} 30. Kf2 e4 (30... Nxf5 31. Rxb7 Kd7 32. Nc3 $15)) 30. Nc3 Nxf5 31. Ne4 {[%emt 0:00:43] [#]} ({White should play} 31. Rb1 $15) 31... Ke7 (31... Kf7 $1 $17 {And now ...Rgd8 would win.} 32. Rb1 Nd4) 32. Bd2 (32. b5 $1 $15 cxb5 33. c6) 32... Nd4 33. Nc3 {[%emt 0:02:03] [#]} (33. a4 $17) 33... Ke6 ({Black should try} 33... Rg3 $1 $19 {[%cal Rg3c3] White must now prevent ...Rxc3!} 34. Rc1 Rbg8 (34... f5 35. Be1 $15) 35. Rxb7 Kd8) 34. Be1 $2 (34. a4 $17) 34... Nc2 $19 35. Rc1 Ne3+ (35... Nxb4 36. Bxh4 Nd3 37. Rb1 $17) 36. Ke2 Nxg2 (36... Rxg2+ 37. Kxe3 f5 38. b5 $16 (38. Bxh4 Rh8 $17)) 37. b5 Nf4+ 38. Ke3 Rbd8 39. Rd1 Rxd1 (39... Nxh3 $2 40. Rxb7 Rxd1 41. Nxd1 $19) 40. Nxd1 Rg1 41. Kd2 cxb5 ({Less strong is} 41... Nxh3 42. b6 Bd8 (42... Rg2+ 43. Kc1 $11) 43. Rxb7 $17) 42. Bxh4 Rg2+ ({Not} 42... Nxh3 43. Rxb7 Rg2+ 44. Kc1 $17) (42... Ng2 43. Bf2 Rh1 44. Rxb7 (44. c6 Kd6 $15) 44... Ba5+ 45. Kc2 $15) 43. Kc3 $2 (43. Ke1 Rc2 (43... Nxh3 $2 44. c6 $19) 44. Bg3) 43... Nd5+ (43... Nxh3 $2 44. Kb3 $19) 44. Kb3 e4 45. Rxb7 Rd2 46. Nc3 Rd3 47. Be1 Be5 48. Rxb5 Bxc3 49. Bxc3 Rxc3+ 50. Kb2 Rxh3 (50... e3 $142 51. Rb4 Kf5 (51... Nxb4 $2 52. Kxc3 Kf5 53. a3 $19)) 51. a4 e3 52. Kc2 e2 53. Kd2 Rh1 0-1

[Event "13th All African Mixed Team Rapid-ch 202"]
[Site "Accra"]
[Date "2024.03.09"]
[Round "3.4"]
[White "Wafa, Shahenda"]
[Black "Shaba, Linda Dalitso"]
[Result "1-0"]
[ECO "C62"]
[WhiteElo "2083"]
[BlackElo "1836"]
[Annotator "RC"]
[PlyCount "107"]
[EventDate "2024.03.07"]
[EventType "rapid"]
[EventCountry "GHA"]
[SourceTitle "playchess.com"]
[Source "ChessBase"]
[SourceQuality "1"]
[TimeControl "900+10"]

1. e4 e5 2. Nf3 Nc6 3. Bb5 d6 4. c3 Nf6 5. O-O Be7 6. d4 exd4 7. cxd4 O-O 8. Nc3 Bg4 9. Be3 Bh5 10. h3 h6 11. a3 Nh7 12. Be2 Re8 13. Qb3 Qc8 14. Rac1 Bf6 15. d5 Ne5 16. Nxe5 Bxe2 17. Nxe2 Bxe5 18. f4 Bf6 19. Qc2 Bd8 20. Bd4 Bf6 21. Rfe1 Bxd4+ 22. Nxd4 Nf6 23. Qxc7 Qxc7 24. Rxc7 Nxd5 25. Rxb7 Nxf4 26. Nf5 Reb8 27. Nxd6 Rxb7 28. Nxb7 Rb8 29. Rf1 Nxh3+ 30. gxh3 Rxb7 31. Rf2 Rb3 32. Kg2 Re3 33. Rc2 Rxe4 34. Kf3 Re7 35. b4 g6 36. a4 Kg7 37. b5 Kf6 38. Rc5 Ke6 39. Kf4 Kd6 40. Rc6+ Kd5 41. Rf6 Kc5 42. h4 Kb4 43. Ra6 Kc5 44. h5 gxh5 45. Rxh6 Kb4 46. Ra6 Rd7 47. Kg5 Rd5+ 48. Kh4 Rc5 49. Rxa7 f6 50. b6 Rc8 51. Kxh5 Rb8 52. a5 Rg8 53. b7 Rb8 54. a6 1-0

[Event "13th All African Mixed Team Rapid-ch 202"]
[Site "Accra"]
[Date "2024.03.09"]
[Round "3.5"]
[White "Wanyama, Harold"]
[Black "Arab, Adlane"]
[Result "0-1"]
[ECO "E11"]
[WhiteElo "2226"]
[BlackElo "2477"]
[Annotator "TA"]
[PlyCount "88"]
[EventDate "2024.03.07"]
[EventType "rapid"]
[EventCountry "GHA"]
[SourceTitle "playchess.com"]
[Source "ChessBase"]
[SourceQuality "1"]
[TimeControl "900+10"]

1. d4 Nf6 2. c4 e6 3. g3 d5 4. Bg2 Bb4+ 5. Bd2 Be7 6. Nf3 Nbd7 7. O-O O-O 8. cxd5 exd5 9. Nc3 c6 10. Qc2 {[%emt 0:00:10] Die Stellung ist ausgeglichen.} Re8 11. a3 Bd6 12. Ne1 Nb6 13. b3 a5 14. a4 $1 Qe7 15. e3 (15. f3 $11) 15... Bg4 (15... Ne4 $17) 16. h3 Bh5 17. Bc1 Bg6 18. Qd1 Nbd7 19. Bb2 h6 20. Nd3 Ne4 (20... Nb8 $17 21. Qd2 Nbd7) 21. Ne2 (21. Nxe4 $15 Bxe4 (21... dxe4 22. Nf4 $15) 22. Re1) 21... Bh7 {[%emt 0:01:55] Schwarz steht deutlich aktiver.} (21... Bh5 {wäre vielleicht verwirrender.} 22. Qc2 Bxe2 23. Qxe2 Bxg3 24. fxg3 Nxg3 25. Qf2 Nxf1 26. Rxf1 Qxe3 27. Ne5 Qxf2+ 28. Kxf2 Nf8) 22. Nef4 Ng5 23. h4 (23. Re1 $15 {ist eher angebracht.}) 23... Ne4 $17 24. Re1 Bf5 (24... g5 $142 25. Nh3 Rad8 (25... gxh4 26. Qg4+ Kh8 27. Ne5 $17) 26. hxg5 hxg5) 25. Bf3 g5 26. hxg5 hxg5 27. Nh5 Bg6 28. Kg2 f6 29. Rh1 Kf7 30. Bg4 (30. Qe2 $17 {kämpft weiter.}) 30... f5 31. Be2 Rh8 32. g4 (32. Qc2 $142) 32... Bxh5 $19 33. gxh5 {[%emt 0:00:10] [#]} g4 $1 34. Qc2 Rh6 {[%emt 0:00:46] Droht ...Rah8 und aus.} 35. Nf4 (35. Ne5+ $142 Bxe5 (35... Nxe5 $2 36. dxe5 Bxe5 37. Rag1 $19) 36. dxe5) 35... Bxf4 36. exf4 Rah8 37. Bc1 (37. Bd3 $142 Rxh5 38. Bxe4 fxe4 (38... Qxe4+ $2 39. Qxe4 dxe4 40. Rxh5 $19) 39. Rxh5 Rxh5 40. Rh1 Rxh1 41. Kxh1 Qh4+ 42. Kg1) 37... Rxh5 38. Be3 Rxh1 39. Rxh1 Rxh1 40. Kxh1 Qh4+ 41. Kg1 g3 {[%emt 0:00:14] ( -> ...Qh2+)} 42. Bf3 Qh2+ 43. Kf1 gxf2 (43... Ndf6 $142 {...Ng4 wäre nun fies.} 44. Qe2 Ng4 45. Bxe4 dxe4 46. fxg3 Qxg3) 44. Bxe4 {[%emt 0:00:16] [#]} (44. Bxf2 $19 Ndf6 (44... Qxf4 $2 45. Qe2 $19) 45. Qe2) 44... Qg1+ {[%emt 0:00:02] Gewichteter Fehlerwert: Weiß=0.60/Schwarz=0.25 (präzise) .  Fehler:       	Weiß=8     	Schwarz=3     Ungenau:       	Weiß=4     	Schwarz=3     OK:         	Weiß=4     	Schwarz=9     Bester:       	Weiß=1     	Schwarz=3     Stark:        	Weiß=1     	Schwarz=1} 0-1

[Event "13th All African Mixed Team Rapid-ch 202"]
[Site "Accra"]
[Date "2024.03.09"]
[Round "3.6"]
[White "Nassr, Lina"]
[Black "Nakabo, Peninah"]
[Result "1-0"]
[ECO "D05"]
[WhiteElo "2080"]
[BlackElo "1836"]
[Annotator "RC"]
[PlyCount "45"]
[EventDate "2024.03.07"]
[EventType "rapid"]
[EventCountry "GHA"]
[SourceTitle "playchess.com"]
[Source "ChessBase"]
[SourceQuality "1"]
[TimeControl "900+10"]

1. d4 e6 2. Nf3 d5 3. e3 Nf6 4. Bd3 Bd6 5. b3 O-O 6. Bb2 b6 7. Nbd2 c5 8. O-O Nc6 9. a3 a5 10. c4 cxd4 11. exd4 Qc7 12. Rc1 Bb7 13. cxd5 exd5 14. Ne5 Bxe5 15. dxe5 Nd7 16. f4 Nc5 17. Bb1 Qd7 18. Rf3 Ne6 19. Nc4 Qd8 20. Nd6 Qb8 21. Bxh7+ Kxh7 22. Rh3+ Kg8 23. Qh5 1-0

[Event "13th All African Mixed Team Rapid-ch 202"]
[Site "Accra"]
[Date "2024.03.09"]
[Round "3.7"]
[White "Akpa Prince"]
[Black "KIGIGHA, Bomo Lovet"]
[Result "1-0"]
[ECO "E04"]
[WhiteElo "1845"]
[BlackElo "2231"]
[Annotator "ChessBase"]
[PlyCount "89"]
[EventDate "2024.03.07"]
[EventType "rapid"]
[EventCountry "GHA"]
[SourceTitle "playchess.com"]
[Source "ChessBase"]
[SourceQuality "1"]
[TimeControl "900+10"]

1. d4 d5 2. c4 c6 3. g3 Nf6 4. Bg2 dxc4 5. Nf3 e6 6. O-O Be7 7. Ne5 O-O 8. Nxc4 c5 9. dxc5 Bxc5 10. Nc3 Nc6 11. Bg5 Be7 12. Qa4 Bd7 13. Qb3 Qc8 14. Rfd1 Rd8 15. Rac1 Be8 16. Nb5 Rxd1+ 17. Rxd1 Nd5 18. Bxe7 Ncxe7 19. Nbd6 Qc7 20. Qxb7 Rc8 21. Qxc7 Rxc7 22. e4 Nb4 23. a3 Ba4 24. Rd2 Nbc6 25. b4 f6 26. h3 e5 27. h4 Nd4 28. f4 Rc6 29. fxe5 fxe5 30. Kh1 Bb3 31. Bf1 g6 32. Rb2 Kg7 33. Na5 Rc3 34. Nxb3 Nxb3 35. Bc4 Nd4 36. Rf2 Rc1+ 37. Kg2 Rc2 38. a4 Nec6 39. Rxc2 Nxc2 40. b5 Ne7 41. a5 Nc8 42. Nxc8 Ne3+ 43. Kf3 Nxc4 44. b6 axb6 45. a6 1-0

[Event "13th All African Mixed Team Rapid-ch 202"]
[Site "Accra"]
[Date "2024.03.09"]
[Round "3.8"]
[White "PEACE SAMSON"]
[Black "Ayiku, Angela Naa Amerley"]
[Result "1-0"]
[ECO "B27"]
[WhiteElo "1870"]
[BlackElo "1629"]
[Annotator "NA RC"]
[PlyCount "79"]
[EventDate "2024.03.07"]
[EventType "rapid"]
[EventCountry "GHA"]
[SourceTitle "playchess.com"]
[Source "ChessBase"]
[SourceQuality "1"]
[TimeControl "900+10"]

1. e4 c5 2. Nf3 g6 3. d4 cxd4 4. Nxd4 Bg7 5. Be3 d6 6. Bd3 {[%emt 0:00:00] B27: Sicilian: 2 Nf3, unusual Black 2nd moves.} Nf6 7. h3 O-O 8. Nd2 a6 9. O-O Qc7 10. c3 Nc6 11. Rc1 Ne5 12. Bb1 Nc4 13. Nxc4 Qxc4 14. f3 Qc5 15. Nf5 Qc7 16. Nxg7 Kxg7 17. Qd2 Kg8 18. Qf2 Be6 19. c4 Rac8 20. b3 Qd7 21. Rfd1 Qc7 22. Bd4 b5 23. Bd3 Qa5 24. cxb5 axb5 25. Bb1 Nh5 26. Rxc8 Rxc8 27. Qh4 Qc7 28. Qg5 f6 29. Qxb5 Nf4 30. Be3 Ne2+ 31. Qxe2 Rf8 32. Rc1 Qa5 33. Qd2 Qa6 34. Bd3 Qa3 35. Bc4 Bxc4 36. Rxc4 Ra8 37. Bh6 Qxa2 38. Qd5+ Kh8 39. Qf7 Rg8 {[%emt 0:00:39] [#]} 40. Bg7+ 1-0

[Event "13th All African Mixed Team Rapid-ch 202"]
[Site "Accra"]
[Date "2024.03.09"]
[Round "3.9"]
[White "Mwali, Chitumbo"]
[Black "Oluka Robert Mcligeyo"]
[Result "1-0"]
[ECO "A20"]
[WhiteElo "2340"]
[BlackElo "2041"]
[Annotator "TA"]
[PlyCount "49"]
[EventDate "2024.03.07"]
[EventType "rapid"]
[EventCountry "GHA"]
[SourceTitle "playchess.com"]
[Source "ChessBase"]
[SourceQuality "1"]
[TimeControl "900+10"]

1. c4 e5 2. g3 Nf6 3. Bg2 c6 4. d4 Bb4+ 5. Bd2 Qe7 (5... Bxd2+ $11 6. Qxd2 d6) 6. dxe5 $14 Bxd2+ 7. Qxd2 Qxe5 8. Nf3 {[%emt 0:00:14] White is slightly better.} Qe7 9. Nc3 O-O 10. O-O Rd8 11. e4 d6 12. Rfe1 Be6 {[%emt 0:00:22] [#]} 13. Nd5 $1 Bxd5 (13... cxd5 $2 14. exd5 h6 15. Nd4 $18 (15. dxe6 fxe6 16. Nd4 e5 $18)) 14. exd5 Qd7 15. Ng5 cxd5 16. cxd5 ({White should try} 16. Bxd5 $16 Nxd5 17. Qxd5) 16... Na6 (16... Rf8 $14) 17. Bh3 $16 {[%emt 0:00:36] White has more active pieces.} Qb5 18. Re7 Re8 19. Rxf7 {[%emt 0:01:09] Threatens to win with Be6.} h6 $2 {[%emt 0:01:37] [#]} (19... Nc5 {is more resistant.}) 20. Rxf6 $1 $18 gxf6 (20... Nc5 21. Be6+) 21. Ne6 Qd7 (21... Rxe6 $142 22. dxe6 Qh5) 22. Qxh6 {[%emt 0:00:18] Black is weak on the light squares} Qf7 {[%emt 0:00:08] Wards off Qg6+} 23. Rd1 {[%emt 0:00:07] White mates.} Nc5 24. Rd4 Nxe6 25. Bxe6 {[%emt 0:00:05] Weighted Error Value: White=0.22 (precise) /Black=0.85.  Mistake:       	White=1     	Black=3      Inaccurate:     	White=1     	Black=3      OK:         	White=6     	Black=7      Best:        	White=1     	---        Brilliant:      	White=1     	---} 1-0

[Event "13th All African Mixed Team Rapid-ch 202"]
[Site "Accra"]
[Date "2024.03.09"]
[Round "3.10"]
[White "Mongeli, Sasha"]
[Black "Mbatha, Constance"]
[Result "0-1"]
[ECO "D30"]
[WhiteElo "1858"]
[BlackElo "1799"]
[Annotator "NA RC"]
[PlyCount "196"]
[EventDate "2024.03.07"]
[EventType "rapid"]
[EventCountry "GHA"]
[SourceTitle "playchess.com"]
[Source "ChessBase"]
[SourceQuality "1"]
[TimeControl "900+10"]

1. d4 d5 2. Nf3 Nf6 3. Bg5 e6 4. e3 Be7 5. c4 dxc4 6. Bxc4 {[%emt 0:00:05] D30: Queen's Gambit Declined: Systems without Nc3.} O-O 7. O-O c6 8. Nc3 Nbd7 9. a3 Nb6 10. Ba2 Nfd5 11. Bxe7 Qxe7 12. e4 Nc7 13. Qc2 Rd8 14. Rad1 Bd7 15. Ne2 Be8 16. Ng3 Rac8 17. Bb1 g6 18. Qc1 Kg7 19. Ne5 f6 20. Ng4 Rd7 21. Qh6+ Kg8 22. h4 Qg7 23. Qf4 Rf7 24. Ba2 Bd7 25. Rd3 Kh8 26. Rf3 e5 27. Nxe5 Rff8 28. Nxd7 Nxd7 29. Rd1 Qe7 30. Qh6 Qg7 31. Qf4 Qe7 32. Qh6 Qg7 33. Qf4 Qe7 34. h5 g5 35. Qg4 Rfe8 36. Nf5 Qxe4 37. Qxe4 Rxe4 38. Nd6 Rce8 39. Nxe4 Rxe4 40. Re3 Rxe3 41. fxe3 Kg7 42. g4 h6 43. Kg2 Nb6 44. Bb3 Kf8 45. e4 Ke7 46. Kf3 Nd7 47. Bc4 c5 48. Bd5 b6 49. dxc5 Nxc5 50. b4 Nd7 51. a4 Ne5+ 52. Kg3 Ne8 53. a5 Nc7 54. axb6 axb6 55. Ra1 Kd6 56. Rd1 Ke7 57. Bb3 Nb5 {[%emt 0:00:13] [#]} 58. Rd3 $19 Nxd3 59. Bc4 Nxb4 60. Bxb5 Kd6 61. Kf3 Ke5 62. Ke3 Nc2+ 63. Kd3 Nd4 64. Bd7 b5 65. Bc8 b4 66. Kc4 b3 67. Kc3 Kxe4 68. Bd7 Ke5 69. Bc8 f5 70. gxf5 Nxf5 71. Kxb3 g4 72. Kc3 g3 73. Bb7 Kf4 74. Kd3 Ng7 75. Ke2 Nxh5 76. Kf1 Nf6 77. Kg2 Kg4 78. Bf3+ Kf4 79. Bb7 Ng4 80. Bc6 Nf2 81. Bf3 Ng4 82. Bb7 Ne3+ 83. Kh3 Ng4 84. Kg2 Nf2 85. Bf3 Nd3 86. Be2 Nc5 87. Bf3 Ne6 88. Bd1 Ng5 89. Bh5 Ne4 90. Bf3 Nf6 91. Bc6 Ng4 92. Bb7 Ne5 93. Bd5 h5 94. Bb7 Nf7 95. Bf3 h4 96. Bd5 Ng5 97. Bb7 h3+ 98. Kh1 Ke3 0-1